 Dungeon Crawl Stone Soup version 0.21.1-1-g345015f (webtiles) character file.

71877 senseless the Peltast (level 14, -10/129 HPs)
             Began as a Minotaur Fighter on July 17, 2018.
             Was the Champion of Cheibriados.
             Mangled by a shock serpent (11 damage)
             ... on level 1 of the Snake Pit on July 18, 2018.
             The game lasted 02:00:17 (19636 turns).

senseless the Peltast (Minotaur Fighter)           Turns: 19636, Time: 02:00:18

Health: -10/129    AC: 21    Str: 37    XL:     14   Next: 99%
Magic:  14/14      EV: 19    Int: 21    God:    Cheibriados [******]
Gold:   912        SH: 25    Dex: 33    Spells: 13/13 levels left

rFire    + + +     SeeInvis .   p - +5 whip of Past Mistakes {freeze, rF+ Dex+5}
rCold    + . .     Gourm    .   l - +0 large shield
rNeg     . . .     Faith    .   Y - +8 chain mail "Itasah" {rF+ MR+ rCorr}
rPois    .         Spirit   .   (helmet restricted)
rElec    .         Reflect  .   G - scarf {rC+ rF+}
rCorr    +         Harm     .   D - +0 pair of gloves
MR       +++..                  E - +0 pair of boots
Stlth    +++.......             A - amulet of regeneration
HPRegen  0.71/turn              K - +3 ring of evasion
MPRegen  0.14/turn              c - ring of protection from magic

@: very slow
A: retaliatory headbutt, horns 2, camouflage 1, deformed body, screaming 1,
shaggy fur 1
a: Bend Time, Temporal Distortion, Slouch, Step From Time, Renounce Religion


You were on level 1 of the Snake Pit.
You worshipped Cheibriados.
Cheibriados was exalted by your worship.
You were hungry.

You visited 4 branches of the dungeon, and saw 22 of its levels.

You collected 1398 gold pieces.
You spent 486 gold pieces at shops.

Inventory:

Hand Weapons
 k - a +4 mace of flaming
 p - the +5 whip of Past Mistakes (weapon) {freeze, rF+ Dex+5}
   (You found it on level 5 of the Dungeon)

   It has been specially enchanted to freeze those struck by it, causing extra
   injury to most foes and up to half again as much damage against particularly
   susceptible opponents.
   It can also slow down cold-blooded creatures.
   It affects your dexterity (+5).
   It protects you from fire.
 O - a +4 morningstar
 U - a +5 flail of holy wrath
Armour
 l - a +0 large shield (worn)
 D - a +0 pair of gloves (worn)
 E - a +0 pair of boots (worn)
 G - a scarf of resistance (worn)
 Y - the +8 chain mail "Itasah" (worn) {rF+ MR+ rCorr}
   (You found it on level 3 of the Lair of Beasts)

   It protects you from fire.
   It affects your resistance to hostile enchantments.
   It protects you from acid and corrosion.
Jewellery
 a - an uncursed ring of magical power
 b - a +4 ring of intelligence
 c - a ring of protection from magic (right hand)
 j - an uncursed ring of positive energy
 o - an uncursed ring of resist corrosion
 v - a +2 ring of strength
 y - an uncursed amulet of faith
 A - an amulet of regeneration (around neck)
 H - an uncursed ring of positive energy
 K - a +3 ring of evasion (left hand)
Wands
 e - a wand of disintegration (36)
 g - a wand of enslavement (9)
 t - a wand of polymorph (15)
 z - a wand of acid (17)
 Q - a wand of iceblast (16)
Scrolls
 h - 2 scrolls of summoning
 i - 4 scrolls of identify
 r - 6 scrolls of blinking
 B - 2 scrolls of holy word
 I - 2 scrolls of magic mapping
 M - 7 scrolls of remove curse
 N - 2 scrolls of amnesia
 S - 7 scrolls of enchant armour
 W - 3 scrolls of enchant weapon
Potions
 d - 3 potions of might
 n - 3 potions of ambrosia
 q - a potion of cancellation
 s - 8 potions of curing
 w - 3 potions of heal wounds
 x - 6 potions of agility
 C - a potion of brilliance
 F - a potion of magic {unknown}
 J - 2 potions of flight
 L - 2 potions of mutation
 R - a potion of invisibility
 T - a potion of resistance
Books
 m - a book of Callings

   Spells                             Type                      Level
   a - Summon Small Mammal            Summoning                    1
   b - Call Imp                       Summoning                    2
   c - Call Canine Familiar           Summoning                    3
   d - Summon Guardian Golem          Hexes/Summoning              3
   e - Summon Lightning Spire         Summoning/Air                4
   f - Summon Ice Beast               Ice/Summoning                4
 u - a book of Frost

   Spells                             Type                      Level
   a - Freeze                         Ice                          1
   b - Throw Frost                    Conjuration/Ice              2
   c - Ozocubu's Armour               Charms/Ice                   3
   d - Throw Icicle                   Conjuration/Ice              4
   e - Summon Ice Beast               Ice/Summoning                4
 P - a book of Unlife

   Spells                             Type                      Level
   a - Recall                         Summoning/Translocation      3
   b - Animate Dead                   Necromancy                   4
   c - Borgnjor's Vile Clutch         Necromancy/Earth             5
   d - Death Channel                  Necromancy                   6
   e - Simulacrum                     Ice/Necromancy               6
 X - a book of Minor Magic

   Spells                             Type                      Level
   a - Magic Dart                     Conjuration                  1
   b - Blink                          Translocation                2
   c - Call Imp                       Summoning                    2
   d - Slow                           Hexes                        2
   e - Conjure Flame                  Conjuration/Fire             3
   f - Mephitic Cloud                 Conjuration/Poison/Air       3
Comestibles
 f - 42 rations


   Skills:
 * Level 13.1 Fighting
 + Level 13.9 Maces & Flails
 * Level 14.2 Armour
 + Level 7.4 Dodging
 + Level 8.1 Stealth
 + Level 16.5 Shields
 + Level 1.7 Invocations
 + Level 0.4 Evocations


You had 13 spell levels left.
You didn't know any spells.

Dungeon Overview and Level Annotations

Branches:
Dungeon (14/15)            Temple (1/1) D:4            Lair (6/6) D:8
 Shoals (0/4) Lair:3        Snake (1/4) Lair:4        Slime (0/5) Lair:5
    Orc (0/2) D:10
 Vaults: D:13-14

Altars:
Ashenzari
Cheibriados
Dithmenos
Elyvilon
Gozag
Hepliaklqana
Kikubaaqudgha
Makhleb
Nemelex Xobeh
Qazlal
Ru
Sif Muna
Trog
Uskayaw
Vehumet
Xom
Yredelemnul
Zin

Shops:
D:6 !   D:7 (   D:9 [*(}[


Innate Abilities, Weirdness & Mutations

You reflexively headbutt those who attack you in melee.
You have a pair of horns on your head.
Your skin changes colour to match your surroundings (Stealth+).
Armour fits poorly on your strangely shaped body.
You occasionally shout uncontrollably at your foes.
You are covered in fur. (AC +1)


Message History

You block the shock serpent's attack. You block the naga's attack.
You block the shock serpent's attack.
You thrash the shock serpent!!
The shock serpent seems to slow down.
You freeze the shock serpent.
You kill the shock serpent!
Cheibriados thoroughly appreciates the change of pace.
The air sparks with electricity, shocking you!
* * * LOW HITPOINT WARNING * * *
You block the shock serpent's attack. You block the shock serpent's attack.
You block the naga's attack. x2
The shock serpent shoots out a bolt of lightning at you!
The bolt of electricity hits you!
* * * LOW HITPOINT WARNING * * *
The bolt of electricity hits you!
* * * LOW HITPOINT WARNING * * *
The bolt of electricity hits the shock serpent.
The shock serpent completely resists.
The shock serpent bites you.
* * * LOW HITPOINT WARNING * * *
The shock serpent shocks you!
You die...

#...... #..... #...?
#...# #...#######
##..........
###+###..S........
##.........@N.#
######............##
.............######
............##
..####......#
.######.....#
.##..##.....#
.##..####.###
.##..####'###


You could see a shock serpent and a naga.

Vanquished Creatures
  Kirke (Lair:6)
  The ghost of nicolaieve the Severer, a journeyman MiBe of Trog (Lair:4)
  Snorg (Lair:5)
  6 hydras
  4 catoblepae
  Harold (Lair:4)
  The ghost of Saeniel the Fighter, a journeyman GrFi of Qazlal (D:10)
  7 two-headed ogres
  A centaur warrior (D:13)
  12 death yaks
  A shock serpent (Snake:1)
  Nergalle (D:10)
  Urug (Lair:3)
  2 unseen horrors
  A lindwurm (Lair:4)
  A mana viper (Snake:1)
  Pikel (D:7)
  2 salamanders (Snake:1)
  A deep elf mage (D:13)
  3 ugly things
  A manticore (Lair:6)
  2 cyclopes
  9 black mambas
  A gargoyle (D:12)
  6 spiny frogs
  2 rime drakes
  A freezing wraith (D:11)
  A yaktaur (D:12)
  4 komodo dragons
  A yaktaur (shapeshifter) (D:12)
  3 trolls (D:12)
  Prince Ribbit (D:7)
  5 hornets
  A slime creature (D:13)
  8 hippogriffs
  28 blink frogs
  Sigmund (D:4)
  A yak (shapeshifter) (D:14)
  A spriggan (D:7)
  42 yaks
  2 wraiths
  Eustachio (D:4)
  A wyvern (Lair:5)
  A shadow (D:11)
  A water elemental (D:14)
  3 basilisks
  3 hogs (Lair:6)
  3 hungry ghosts
  8 vampire mosquitoes
  Menkaure (D:7)
  6 swamp worms (Lair:2)
  6 nagas
  13 water moccasins
  5 porcupines
  12 orc warriors
  6 ice beasts
  2 sky beasts (D:11)
  7 black bears
  6 ogres
  2 phantoms
  10 wolves
  An eye of draining (D:11)
  12 centaurs
  16 crocodiles
  2 big kobolds
  24 bullfrogs
  2 wyvern zombies
  A wyvern skeleton (D:6)
  6 killer bees (D:13)
  7 scorpions
  7 electric eels
  14 howler monkeys
  8 wights
  9 crimson imps
  3 bullfrog zombies
  2 centaur zombies
  2 quasits
  5 hounds
  7 orc priests
  A bullfrog skeleton (D:6)
  4 centaur skeletons
  3 jellies
  5 iguanas
  8 orc wizards
  11 worker ants
  Terence (D:3)
  2 hound zombies
  A mummy (D:9)
  3 hound skeletons
  14 adders
  5 gnolls
  2 howler monkey skeletons
  3 shadow imps
  An ooze (D:6)
  An adder skeleton (D:5)
  12 worms
  A dart slug (D:3)
  4 leopard geckos
  52 orcs
  9 bats
  7 giant cockroaches
  10 goblins
  7 hobgoblins
  7 jackals
  7 kobolds
  2 quokkas
  3 ball pythons
  3 frilled lizards
  A giant cockroach zombie (D:5)
  2 quokka skeletons
  A quokka zombie (D:8)
  9 rats
597 creatures vanquished.

Vanquished Creatures (others)
  A human (Lair:6)
  13 fungi
  48 plants
  2 withered plants (D:9)
64 creatures vanquished.

Grand Total: 661 creatures vanquished

Notes
Turn   | Place    | Note
-------+----------+-------------------------------------------
     0 | D:1      | senseless the Minotaur Fighter began the quest for the Orb.
     0 | D:1      | Reached XP level 1. HP: 19/19 MP: 0/0
   202 | D:1      | Reached XP level 2. HP: 27/27 MP: 1/1
   339 | D:1      | Reached skill level 4 in Shields
   480 | D:1      | Reached XP level 3. HP: 30/33 MP: 2/2
  1979 | D:3      | Reached XP level 4. HP: 39/40 MP: 3/3
  2480 | D:3      | Noticed Terence
  2482 | D:3      | Killed Terence
  2525 | D:3      | Reached XP level 5. HP: 38/46 MP: 4/4
  2669 | D:3      | Found a bloodstained altar of Trog.
  2981 | D:4      | Noticed an ogre
  2986 | D:3      | Killed an ogre
  2986 | D:3      | Reached skill level 5 in Armour
  2986 | D:3      | Reached skill level 1 in Dodging
  2991 | D:4      | Found a staircase to the Ecumenical Temple.
  3005 | D:4      | Noticed Sigmund
  3041 | D:4      | Reached XP level 6. HP: 52/52 MP: 5/5
  3071 | D:4      | Reached skill level 5 in Shields
  3081 | D:4      | Killed Sigmund
  3081 | D:4      | Reached skill level 5 in Maces & Flails
  3085 | D:4      | Reached XP level 7. HP: 49/60 MP: 6/6
  3155 | D:4      | Noticed Eustachio
  3176 | D:4      | Killed Eustachio
  3176 | D:4      | Reached skill level 6 in Shields
  3181 | D:4      | Reached skill level 5 in Fighting
  3601 | Temple   | Entered the Ecumenical Temple
  3624 | Temple   | Became a worshipper of Cheibriados the Contemplative
  3643 | D:5      | Entered Level 5 of the Dungeon
  3801 | D:5      | Got a polished whip
  3802 | D:5      | Identified the +5 whip of Past Mistakes {freeze, rF+ Dex+5} (You found it on level 5 of the Dungeon)
  3860 | D:5      | Reached XP level 8. HP: 62/68 MP: 7/7
  4146 | D:5      | Reached * piety under Cheibriados
  4571 | D:5      | Reached skill level 7 in Shields
  5167 | D:6      | Found Jebiv's Distillery.
  5190 | D:6      | Bought a potion of heal wounds for 70 gold pieces
  5190 | D:6      | Bought a potion of mutation for 112 gold pieces
  5190 | D:6      | Bought a potion of heal wounds for 70 gold pieces
  5190 | D:6      | Gained mutation: Armour fits poorly on your strangely shaped body. [potion of mutation]
  5190 | D:6      | Gained mutation: You occasionally shout uncontrollably at your foes. [potion of mutation]
  5190 | D:6      | Gained mutation: You are covered in fur. (AC +1) [potion of mutation]
  5190 | D:6      | Gained mutation: Your skin changes colour to match your surroundings (Stealth+). [potion of mutation]
  5317 | D:6      | Reached skill level 1 in Stealth
  5378 | D:6      | Reached ** piety under Cheibriados
  5382 | D:6      | Reached XP level 9. HP: 70/75 MP: 8/8
  5462 | D:6      | Reached skill level 8 in Shields
  6023 | D:7      | Noticed Prince Ribbit
  6047 | D:7      | Noticed Pikel
  6088 | D:7      | Found Fuinge's Weapon Shoppe.
  6088 | D:7      | Noticed Menkaure
  6145 | D:7      | Killed Prince Ribbit
  6173 | D:7      | Killed Menkaure
  6176 | D:7      | Reached *** piety under Cheibriados
  6512 | D:7      | Killed Pikel
  6512 | D:7      | Reached skill level 10 in Maces & Flails
  6512 | D:7      | Reached skill level 9 in Shields
  6555 | D:7      | Reached XP level 10. HP: 86/86 MP: 9/9
  6967 | D:8      | Noticed a two-headed ogre
  6972 | D:8      | Noticed a two-headed ogre
  7077 | D:8      | Killed a two-headed ogre
  7139 | D:8      | Reached **** piety under Cheibriados
  7402 | D:8      | Found a staircase to the Lair.
  7421 | D:8      | Killed a two-headed ogre
  7421 | D:8      | Reached skill level 10 in Shields
  7422 | D:8      | Noticed a two-headed ogre
  7449 | D:8      | Killed a two-headed ogre
  7521 | D:8      | Reached ***** piety under Cheibriados
  7524 | D:8      | Reached XP level 11. HP: 94/94 MP: 10/10
  7621 | D:8      | Found a glowing silver altar of Zin.
  7803 | D:9      | Found Qaituak's General Store.
  7804 | D:9      | Found Hemnyimoydo's Antique Armour Shoppe.
  7812 | D:9      | Bought a scroll of identify for 26 gold pieces
  7812 | D:9      | Bought a potion of brilliance for 52 gold pieces
  7812 | D:9      | Bought a potion of curing for 39 gold pieces
  7850 | D:9      | Bought a pair of boots for 117 gold pieces
  7938 | D:9      | Found Xahevur's Antique Weapon Shop.
  7963 | D:9      | Found Ulyudu's Gadget Emporium.
  8046 | D:9      | Reached skill level 5 in Dodging
  8046 | D:9      | Reached skill level 11 in Shields
  8162 | D:9      | Noticed a two-headed ogre
  8174 | D:9      | Killed a two-headed ogre
  8221 | D:9      | Found Jillag's Antique Armour Shoppe.
  8398 | D:9      | Noticed a two-headed ogre
  8407 | D:9      | Killed a two-headed ogre
  8723 | D:10     | Entered Level 10 of the Dungeon
  8830 | D:10     | Noticed Saeniel's ghost (journeyman GrFi)
  8852 | D:10     | Killed Saeniel's ghost
  8852 | D:10     | Reached skill level 5 in Stealth
  8996 | D:10     | Noticed Nergalle
  9013 | D:10     | Killed Nergalle
  9044 | D:10     | Reached skill level 12 in Shields
  9143 | D:10     | Killed an unseen horror
  9182 | D:10     | Reached ****** piety under Cheibriados
  9250 | D:10     | Found a staircase to the Orcish Mines.
 10063 | D:11     | Reached XP level 12. HP: 104/104 MP: 11/11
 10455 | D:12     | Reached skill level 1 in Invocations
 10496 | D:12     | Reached skill level 10 in Armour
 10667 | D:12     | Noticed a seven-headed hydra
 10675 | D:12     | Killed a seven-headed hydra
 10969 | D:12     | Noticed a six-headed hydra
 10976 | D:12     | Killed a six-headed hydra
 11129 | D:12     | Reached skill level 10 in Fighting
 11358 | D:12     | Reached skill level 13 in Shields
 11698 | D:13     | Noticed a two-headed ogre
 11702 | D:13     | Killed a two-headed ogre
 11871 | D:13     | Noticed a two-headed ogre
 11875 | D:13     | Killed a two-headed ogre
 11950 | D:13     | Noticed a centaur warrior
 11960 | D:13     | Killed a centaur warrior
 11960 | D:13     | Reached XP level 13. HP: 111/114 MP: 13/13
 12785 | Lair:1   | Entered Level 1 of the Lair of Beasts
 12836 | Lair:1   | Got a crude quarterstaff
 13616 | Lair:2   | Reached skill level 14 in Shields
 13666 | Lair:2   | Found a sparkling altar of Nemelex Xobeh.
 15056 | Lair:3   | Got an ancient chain mail
 15092 | Lair:3   | Identified the +8 chain mail "Itasah" {rF+ MR+ rCorr} (You found it on level 3 of the Lair of Beasts)
 15448 | Lair:3   | Found a staircase to the Shoals.
 15563 | Lair:4   | Noticed Urug
 15578 | Lair:3   | Killed Urug
 15578 | Lair:3   | Reached skill level 15 in Shields
 15626 | Lair:4   | Noticed nicolaieve's ghost (journeyman MiBe)
 15636 | Lair:4   | Noticed Harold
 16007 | Lair:4   | Reached XP level 14. HP: 126/126 MP: 14/14
 16078 | Lair:4   | Found a staircase to the Snake Pit.
 16246 | Lair:4   | Killed nicolaieve's ghost
 16452 | Lair:4   | Killed Harold
 16637 | Lair:4   | Paralysed by a hornet for 2 turns
 17402 | Lair:5   | Found a staircase to the Slime Pits.
 17563 | Lair:5   | Noticed Snorg
 17605 | Lair:5   | Killed Snorg
 17854 | Lair:6   | Entered Level 6 of the Lair of Beasts
 18178 | Lair:6   | Noticed Kirke
 18194 | Lair:6   | Killed Kirke
 18428 | Lair:6   | Reached skill level 16 in Shields
 19286 | Snake:1  | Entered Level 1 of the Snake Pit
 19636 | Snake:1  | HP: 3/129 [shock serpent/bolt of electricity (15)]
 19636 | Snake:1  | HP: 1/129 [shock serpent (2)]
 19636 | Snake:1  | Mangled by a shock serpent

Skill      XL: |  1  2  3  4  5  6  7  8  9 10 11 12 13 14 |
---------------+-------------------------------------------+-----
Armour         | 4 5 6 7 8 9 11 12 14 | 14.2
Shields        | 4 5 6 7 9 10 12 13 15 16 | 16.5
Maces & Flails | 3 4 5 6 8 10 11 12 13 | 13.9
Fighting       | 4 5 6 7 8 9 10 12 13 | 13.1
Dodging        | 1 2 3 4 5 6 7 |  7.4
Stealth        | 1 2 4 5 7 8 |  8.1
Invocations    | 1 |  1.7
Evocations     | |  0.4

Action                   |  1- 3 |  4- 6 |  7- 9 | 10-12 | 13-15 || total
-------------------------+-------+-------+-------+-------+-------++-------
Melee: Flail             |   113 |    84 |     6 |       |       ||   203
       Headbutt          |    12 |    21 |    83 |   243 |   383 ||   742
       Mace              |       |       |    60 |       |       ||    60
       Whip              |       |       |   221 |   603 |   873 ||  1697
Invok: Bend Time         |       |       |     1 |     1 |       ||     2
       Slouch            |       |       |       |     2 |     1 ||     3
Evoke: Wand              |       |       |       |     3 |       ||     3
  Use: Scroll            |     5 |     3 |     7 |    11 |    10 ||    36
       Potion            |       |     3 |     2 |       |     1 ||     6
 Stab: Sleeping          |       |       |     4 |    29 |    10 ||    43
       Distracted        |       |       |       |     3 |     4 ||     7
       Petrified         |       |       |       |       |     4 ||     4
  Eat: Chunk             |     2 |     4 |     7 |    10 |    15 ||    38
       Ration            |       |       |     1 |       |       ||     1
Armor: Scale mail        |    46 |    32 |    20 |       |       ||    98
       Ring mail         |       |       |    15 |    20 |       ||    35
       Pearl dragon scal |       |       |       |    49 |    20 ||    69
       Chain mail        |       |       |       |       |    81 ||    81
Dodge: Dodged            |    22 |    29 |    24 |   115 |   189 ||   379
Block: Shield            |    42 |    44 |     2 |       |       ||    88
       Large shield      |       |       |   179 |   444 |   674 ||  1297
